 Dungeon Crawl Stone Soup version 0.26-a0-259-g1effd001a9 (webtiles) character file.

Game seed: 7913394175028231142

105 drasked the Chucker (level 4, -15/44 HPs)
             Began as an Ogre Hunter on July 27, 2020.
             Demolished by an ogre
             ... wielding a +0 giant club
              (36 damage)
             ... on level 3 of the Dungeon.
             The game lasted 00:04:36 (2810 turns).

drasked the Chucker (Ogre Hunter)                   Turns: 2810, Time: 00:04:37

Health: -15/44     AC:  3    Str: 17    XL:     4   Next: 81%
Magic:  4/4        EV: 10    Int: 12    God:
Gold:   85         SH:  0    Dex:  9    Spells: 3/3 levels left

rFire    . . .     SeeInvis .   m - +0 club
rCold    . . .     Faith    .   (no shield)
rNeg     . . .     Spirit   .   b - +0 robe
rPois    .         Reflect  .   (helmet restricted)
rElec    .         Harm     +   i - scarf {harm}
rCorr    .                      (gloves unavailable)
MR       .....                  (boots unavailable)
Stlth    +.........             (no amulet)
HPRegen  0.14/turn              (no ring)
MPRegen  0.09/turn              (no ring)

@: lethally poisoned (-15 -> -17)
A: large, unfitting armour, tough skin 1
a: no special abilities


You were on level 3 of the Dungeon.
You were not hungry.

You visited 1 branch of the dungeon, and saw 3 of its levels.

You collected 85 gold pieces.

Inventory:

Hand Weapons
 m - a +0 club (weapon)
   (You took it off a goblin on level 1 of the Dungeon)
Missiles
 c - 5 large rocks {!d!d}
 d - 3 throwing nets {=f, !d=f}
 h - 2 poisoned darts (quivered)
 Q - 4 stones
Armour
 b - a +0 robe (worn)
 i - a scarf of harm (worn)
   (You found it on level 1 of the Dungeon)
Wands
 r - a wand of clouds (3)
   (You took it off an orc on level 3 of the Dungeon)
Scrolls
 g - a scroll of blinking {unknown}
 j - 2 scrolls of identify {unknown}
 n - a scroll of enchant armour {unknown}
 q - a scroll of teleportation {unknown}
 s - a scroll of amnesia {unknown}
 w - a scroll of remove curse
Potions
 a - 2 potions of might {unknown}
 f - a potion of ambrosia {unknown}
 k - a potion of invisibility {unknown}
 l - 2 potions of curing {unknown}
 o - a potion of brilliance {unknown}
 p - a potion of resistance {unknown}
Comestibles
 e - 12 rations


   Skills:
 - Level 2.6 Fighting
 * Level 2.3 Maces & Flails
 + Level 5.2 Throwing
 - Level 1.7 Dodging
 - Level 0.6 Stealth


You had 3 spell levels left.
You didn't know any spells.
Your spell library was empty.

Dungeon Overview and Level Annotations

Branches:
Dungeon (3/15)

Altars:


Innate Abilities, Weirdness & Mutations

You are too large for most types of armour.
You have tough skin. (AC +1)


Message History

You start resting.
c - 4 large rocks {!d!d} (gained 1)
You see here a +0 whip.
r - a wand of clouds (3)
Q - 5 stones (gained 1)
Q - 6 stones (gained 1)
Found a stone staircase leading down.
Q - 7 stones (gained 1)
Q - 8 stones (gained 1)
Q - 10 stones (gained 2)
c - 5 large rocks {!d!d} (gained 1);
s - a scroll labeled NILERETSEB
Things that are here:
a +0 flail; a gnoll corpse A rat comes into view.
A rat is nearby!
A rat is nearby!
Throwing (i - inventory. (/) - cycle)
Q - 10 stones (quivered)
Aim: a rat (asleep)
You throw a stone.
The stone hits the rat but does no damage.
No target in view!
No target in view!
No target in view!
The rat is too close now for your liking.
A rat is nearby!
A rat is nearby!
A rat is nearby!
Throwing (i - inventory. (/) - cycle)
Q - 9 stones (quivered)
Aim: a rat You throw a stone.
The stone hits the rat.
You kill the rat!
No target in view!
No target in view!
No target in view!
An adder comes into view.
The adder hisses angrily.
An adder is nearby!
An adder is nearby!
An adder is nearby!
Throwing (i - inventory. (/) - cycle)
Q - 8 stones (quivered)
Aim: an adder You throw a stone.
The stone closely misses the adder.
Throwing (i - inventory. (/) - cycle)
Q - 7 stones (quivered)
Aim: an adder You throw a stone.
The stone hits the adder but does no damage.
Throwing (i - inventory. (/) - cycle)
Q - 6 stones (quivered)
Aim: an adder You throw a stone.
The stone hits the adder but does no damage.
Throwing (i - inventory. (/) - cycle)
Q - 5 stones (quivered)
Aim: an adder You throw a stone.
The stone hits the adder.
You hit the adder. The adder barely misses you.
You barely miss the adder. The adder barely misses you. The adder bites you.
Quiver which item? (- for none, * to show all) (? for menu, Esc to quit)
Quivering
h - 8 poisoned darts for throwing.
You hit the adder but do no damage. The adder bites you.
You closely miss the adder. The adder bites you.
An ogre comes into view. It is wielding a +0 giant club.
The adder closely misses you.
Throwing (i - inventory. (/) - cycle)
h - 8 poisoned darts (quivered)
Aim: an adder (heavily wounded)
You throw a poisoned dart. The poisoned dart hits the adder.
The adder is poisoned.
The ogre shouts!
The adder bites you.
Throwing (i - inventory. (/) - cycle)
h - 7 poisoned darts (quivered)
Aim: an adder (heavily wounded, poisoned)
You throw a poisoned dart. The poisoned dart hits the adder!
The adder looks even sicker.
The adder bites you.
* * * LOW HITPOINT WARNING * * *
You are poisoned.
The adder poisons you!
You feel sick.
You feel sick. The adder bites you.
* * * LOW HITPOINT WARNING * * *
You kill the adder!
Throwing (i - inventory. (/) - cycle)
h - 6 poisoned darts (quivered)
Aim: an ogre, wielding a +0 giant club You throw a poisoned dart.
The poisoned dart hits the ogre.
The ogre is poisoned.
Throwing (i - inventory. (/) - cycle)
h - 5 poisoned darts (quivered)
Aim: an ogre, wielding a +0 giant club (lightly wounded, poisoned)
You throw a poisoned dart. The poisoned dart hits the ogre.
You feel sick.
Throwing (i - inventory. (/) - cycle)
h - 4 poisoned darts (quivered)
Aim: an ogre, wielding a +0 giant club (lightly wounded, poisoned)
You throw a poisoned dart.
The poisoned dart barely misses the ogre.
You feel sick.
You feel sick.
The ogre looks more healthy.
Throwing (i - inventory. (/) - cycle)
h - 3 poisoned darts (quivered)
Aim: an ogre, wielding a +0 giant club (moderately wounded)
You throw a poisoned dart. The poisoned dart hits the ogre!
The ogre is poisoned.
You feel sick.
You hit the ogre but do no damage.
The ogre hits you with a +0 giant club!!
Ouch! That really hurt!
You die...

###†.###.######...##..#.##....
#...............#.###)........
#........########..###........
#........# ##.# #####....
#........## #.# #....
#....[.)..# #.# ##...
#.......#.#### #.# ##..
####..#......#####.#####.....#
##.#......@O..........#####
#####.#.......####.###########
....#........#####............
........#.).......(.....#.###.
.....#.#.#.##..............###.
...........#...............##..
.....#.#.#.#..................#
.... #.....#................###
.....##...##..........†.....#


You could see an ogre (poisoned).

Levels and vault maps discovered:
D:1:      saegor_arrival_miasma, layout_basic, chequers_serial_rivers_micro_e,
          minmay_octomino_j4
D:2:      layout_basic, chequers_ecumenical_altar_grove,
          hangedman_decor_clover_reticule
D:3:      layout_rooms, dancing_weapons_uskayaw

Notes
Turn   | Place    | Note
-------+----------+-------------------------------------------
     0 | D:1      | drasked the Ogre Hunter began the quest for the Orb.
     0 | D:1      | Reached XP level 1. HP: 22/22 MP: 1/1
   170 | D:1      | Identified a +0 dagger
   187 | D:1      | Identified a +0 dagger
   392 | D:1      | Identified a +0 club
   408 | D:1      | Reached XP level 2. HP: 23/29 MP: 2/2
   487 | D:1      | Identified a +0 dagger
   610 | D:1      | Identified a +0 club
   789 | D:1      | Identified a +0 dagger of speed
   950 | D:1      | Identified a +0 dagger
  1535 | D:2      | Identified a +0 club
  1539 | D:2      | Reached XP level 3. HP: 36/36 MP: 3/3
  1705 | D:2      | Reached skill level 1 in Maces & Flails
  1705 | D:2      | Reached skill level 5 in Throwing
  2181 | D:2      | Found a faded altar of an unknown god.
  2509 | D:2      | Identified a scarf of harm (You found it on level 1 of the
                  | Dungeon)
  2509 | D:2      | Identified a ring of attention (You found it on level 2 of
                  | the Dungeon)
  2510 | D:2      | Identified 2 scrolls of remove curse
  2520 | D:3      | Identified a +0 dagger
  2525 | D:3      | Identified a +0 short sword
  2526 | D:3      | Reached XP level 4. HP: 44/44 MP: 4/4
  2545 | D:3      | Identified a +0 short sword
  2643 | D:3      | Identified a +0 club
  2644 | D:3      | Identified a +0 spear
  2670 | D:3      | Identified a +0 flail
  2674 | D:3      | Reached skill level 2 in Maces & Flails
  2674 | D:3      | Identified a +0 whip
  2790 | D:3      | Identified a +0 giant club
  2790 | D:3      | Noticed an ogre
  2810 | D:3      | Demolished by an ogre

Table legend:
 A = Turns spent in this place as a percentage of turns spent in the entire game.
 B = Non-inter-level travel turns spent in this place as a percentage of non-inter-level travel turns spent in the entire game.
 C = Inter-level travel turns spent in this place as a percentage of turns spent in this place.
 D = Turns resting spent in this place as a percentage of non-inter-level travel turns spent in this place.
 E = Turns spent auto-exploring this place as a percentage of non-inter-level travel turns spent in this place.
 F = Non-inter-level travel turns spent in this place divided by the number of levels of this place that you've seen.
                   A       B       C       D       E      F
               +-------+-------+-------+-------+-------+----------------------
         Total | 100.0 | 100.0 |   6.0 |  15.1 |  70.5 | 880.3
       Dungeon | 100.0 | 100.0 |   6.0 |  15.1 |  70.5 | 880.3
               +-------+-------+-------+-------+-------+----------------------

Table legend:
 A = Kills in this place as a percentage of kills in entire the game.
 B = Kills by you in this place as a percentage of kills by you in the entire game.
 C = Kills by friends in this place as a percentage of kills by friends in the entire game.
 D = Other kills in this place as a percentage of other kills in the entire game.
 E = Experience gained in this place as a percentage of experience gained in the entire game.
 F = Experience gained in this place divided by the number of levels of this place that you have seen.
                   A       B       C       D       E      F
               +-------+-------+-------+-------+-------+----------------------
         Total | 100.0 | 100.0 |   N/A |   N/A | 100.0 |  50.0
       Dungeon | 100.0 | 100.0 |   N/A |   N/A | 100.0 |  50.0
               +-------+-------+-------+-------+-------+----------------------

Skill      XL: |  1  2  3  4 |
---------------+-------------+-----
Maces & Flails | 1 2 |  2.3
Throwing       | 5 |  5.2
Fighting       | |  2.6
Dodging        | |  1.7
Stealth        | |  0.6

Action                   |  1- 3 |  4- 6 || total
-------------------------+-------+-------++-------
Melee: Short sword       |    48 |       ||    48
       Club              |    23 |    10 ||    33
Throw: Large rock        |     5 |     4 ||     9
       Dart              |    72 |    30 ||   102
       Stone             |     5 |    16 ||    21
  Use: Scroll            |     1 |       ||     1
 Stab: Sleeping          |     2 |       ||     2
  Eat: Ration            |     2 |       ||     2
Armor: Robe              |    28 |     2 ||    30
Dodge: Dodged            |    42 |     5 ||    47

Vanquished Creatures
  2 adders
  3 gnolls (D:3)
  2 oozes
  2 worms (D:2)
  A dart slug (D:2)
  A leopard gecko (D:2)
  An orc (D:3)
  A giant cockroach (D:2)
  5 goblins
  3 hobgoblins
  A quokka (D:3)
  6 bats
  2 frilled lizards (D:1)
  7 kobolds
  5 rats
42 creatures vanquished.
